 Dungeon Crawl Stone Soup version 0.32-a0-290-g598725c5f2 (webtiles) character file.

Game seed: 11805814218029938113

5864 Atlas the Arsonist (level 10, -5/64 HPs)
             Began as a Demonspawn Fire Elementalist on Feb 14, 2024.
             Was an Initiate of Vehumet.
             Slain by a two-headed ogre
             ... wielding a +0 giant spiked club
              (32 damage)
             ... on level 9 of the Dungeon.
             The game lasted 00:12:14 (9352 turns).

Atlas the Arsonist (Demonspawn Fire Elementalist)   Turns: 9352, Time: 00:12:15

Health: -5/64      AC:  7    Str:  9    XL:     10   Next: 52%
Magic:  6/23       EV: 12    Int: 26    God:    Vehumet [......]
Gold:   618        SH:  4    Dex: 14    Spells: 21/28 levels left

rFire   . . .        F - +0 whip (elec)
rCold   + . .        y - +0 buckler
rNeg    . . .        n - +1 robe of the Charmed God {rC+ rCorr Int+3}
rPois   .            x - +0 helmet
rElec   .            t - +0 cloak
rCorr   +            e - +0 pair of gloves
SInv    .            f - +0 pair of boots
Will    .....        w - amulet of magic regeneration
Stlth   ++           (no ring)
HPRegen 0.30/turn    (no ring)
MPRegen 0.58/turn

%: no passive effects
@: mighty
A: ignite blood 1, powered by pain 3, big brain 2
a: Renounce Religion


You were on level 9 of the Dungeon.
You worshipped Vehumet.
Vehumet was noncommittal.
You visited 2 branches of the dungeon, and saw 11 of its levels.

You collected 618 gold pieces.

Inventory:

Hand Weapons
 F - a +0 whip of electrocution (weapon)
Armour
 e - a +0 pair of gloves (worn)
 f - a +0 pair of boots (worn)
 h - a +0 leather armour
 n - the +1 robe of the Charmed God (worn) {rC+ rCorr Int+3}
   (You found it on level 3 of the Dungeon)

   Int+3:     It affects your intelligence (+3).
   rC+:       It protects you from cold.
   rCorr:     It protects you from acid and corrosion.
 t - a +0 cloak (worn)
 x - a +0 helmet (worn)
 y - a +0 buckler (worn)
Jewellery
 a - a ring of ice
 w - an amulet of magic regeneration (around neck)
Wands
 j - a wand of flame (22)
 A - a wand of roots (6)
 B - a wand of digging (3)
Scrolls
 g - a scroll of poison {unknown}
 i - 2 scrolls of immolation {unknown}
 l - 9 scrolls of identify {unknown}
 m - 3 scrolls of blinking {unknown}
 r - 2 scrolls of enchant armour {unknown}
 u - a scroll of enchant weapon {unknown}
 v - 2 scrolls of teleportation {unknown}
 z - a scroll of fear {unknown}
 D - a scroll of revelation {unknown}
Potions
 b - 2 potions of magic
 c - 7 potions of heal wounds {unknown}
 d - 6 potions of degeneration {unknown}
 k - a potion of mutation {unknown}
 o - 2 potions of brilliance {unknown}
 p - 2 potions of curing {unknown}
 q - a potion of might {unknown}
 s - 2 potions of cancellation {unknown}
 C - 2 potions of attraction {unknown}
 E - a potion of berserk rage {unknown}


   Skills:
 + Level 0.6 Fighting
 + Level 1.1 Armour
 + Level 3.0 Dodging
 + Level 2.6 Stealth
 + Level 1.1 Shields
 + Level 9.5 Spellcasting
 + Level 5.4 Conjurations
 + Level 9.8 Fire Magic


You had 21 spell levels left.
You knew the following spells:

 Your Spells              Type           Power      Damage    Failure   Level
a - Scorch                Fire           100%       2d9       1%          2
b - Foxfire               Conj/Fire      100%       2x1d9     1%          1
c - Flame Wave            Conj/Fire      51%        2d13      3%          4

Your spell library contained the following spells:

 Spells                   Type           Power      Damage    Failure   Level
 Inner Flame              Hex/Fire       37%        N/A       3%          3
 Volatile Blastmotes      Fire/Tloc      74%        2d16      3%          3
 Hailstorm                Conj/Ice       26%        3d7       7%          3
 Freeze                   Ice            48%        1d6       8%          1
 Slow                     Hex            48%        N/A       8%          1
 Summon Small Mammal      Summ           48%        N/A       8%          1
 Summon Blazeheart Golem  Fire/Summ      37%        N/A       10%         4
 Call Canine Familiar     Summ           12%        N/A       22%         3
 Confusing Touch          Hex            12%        N/A       22%         3
 Frozen Ramparts          Ice            24%        1d4       22%         3
 Sigil of Binding         Hex            12%        N/A       22%         3
 Vampiric Draining        Necr           12%        2d6       22%         3
 Fulminant Prism          Conj/Alch      13%        3d8       24%         4
 Iskenderun's Mystic Bla  Conj/Tloc      26%        2d7       24%         4


Dungeon Overview and Level Annotations

Branches:
Dungeon (10/15)            Temple (1/1) D:4
   Lair: D:8-11         Orc: D:9-12

Altars:
Ashenzari
Cheibriados
Dithmenos
Fedhas
Gozag
Kikubaaqudgha
Makhleb
Nemelex Xobeh
Okawaru
Ru
Sif Muna
Trog
Uskayaw
Vehumet
Wu Jian
Xom
Yredelemnul

Shops:
D:1 [

Annotations:
D:3 1 runed translucent door, Crazy Yiuf
D:4 2 runed translucent doors, lucidstorm14's ghost, amateur MiFi
D:5 1 runed translucent door, timneilson's ghost, novice OpSh


Innate Abilities, Weirdness & Mutations

Your demonic aura sometimes causes spilled blood to erupt in flames.
You are powered by pain.
You have an extremely huge brain. (Int +4)


Message History

Confirm with . or Enter, or press ? or * to list all spells.
Casting: Flame Wave (dangerous; 3% risk of failure)
Press: ? - help, Dir - look around, f - activate A wave of flame ripples out!
The flame wave engulfs your foxfire.
Your foxfire completely resists.
The flame wave engulfs your foxfire.
Your foxfire completely resists.
The flame wave engulfs the killer bee!
The killer bee is burned terribly!
The killer bee is almost dead. (Press . to intensify the flame waves.)
You hear an angry growl.
The foxfire hits the two-headed ogre!
The two-headed ogre is lightly wounded.
The foxfire hits the killer bee!
The killer bee is burned terribly!
You kill the killer bee!
Vehumet accepts your kill.
A wave of flame ripples out!
The flame wave engulfs the two-headed ogre!
The two-headed ogre is moderately wounded.
You hear a loud, deep croak!
You hear an angry hiss.
You hear a shout!
You block the two-headed ogre's attack.
The two-headed ogre hits you with a +0 giant club!!
You focus on the pain.
You feel very mighty all of a sudden.
A wave of flame ripples out!
The flame wave engulfs the two-headed ogre!!
The two-headed ogre is severely wounded.
You finish channelling waves of flame.
You hear a shout!
You hear an angry growl.
You hear a shout!
You hear a loud, deep croak!
You hear a shout! x2
Unknown command.
Unknown command.
Casting: Flame Wave (dangerous; 3% risk of failure)
Confirm with . or Enter, or press ? or * to list all spells.
Flames lash the two-headed ogre.
The two-headed ogre is almost dead.
The two-headed ogre's fire resistance burns away.
The two-headed ogre hits you with a +0 giant spiked club!!
Ouch! That really hurt!
You die...

.###. #.#
....##.# #
#.....#.#
#.#..#.#
#..>...#
#####.###
#...#.#
####...#.#
......†@.#
.......O.#
........##
........#
P..P...?#
PP..P...#
PPP.P...#
PP.P.....


You could see a two-headed ogre (combustible).

Vanquished Creatures
  Joseph (D:7)
  3 kobold demonologists (D:10)
  A wyvern (D:7)
  A steam dragon (D:6)
  Menkaure (D:6)
  4 water moccasins
  An orc warrior (D:7)
  2 sky beasts (D:7)
  An ice beast (D:6)
  2 ogres
  3 black bears
  3 centaurs
  4 kobold brigands
  2 bullfrogs (D:7)
  4 gnoll sergeants
  4 scorpions
  9 wights
  3 killer bees (D:9)
  5 howler monkeys
  4 bombardier beetles
  3 jellies
  7 hounds
  A gnoll bouda (D:4)
  2 sleepcaps
  3 iguanas
  7 orc wizards
  14 gnolls
  12 adders
  2 white imps
  4 ufetubi
  A dart slug (D:3)
  2 ribbon worms (D:2)
  18 orcs
  3 bats
  8 endoplasms
  A giant cockroach (D:1)
  8 goblins
  4 hobgoblins
  3 jackals (D:3)
  2 quokkas
  4 ball pythons (D:1)
  6 frilled lizards
  10 kobolds
  5 rats
188 creatures vanquished.

Vanquished Creatures (others)
  344 foxfires
344 creatures vanquished.

Grand Total: 532 creatures vanquished

Notes
Turn   | Place    | Note
-------+----------+-------------------------------------------
     0 | D:1      | Atlas the Demonspawn Fire Elementalist began the quest for
                  | the Orb.
     0 | D:1      | Reached XP level 1. HP: 13/13 MP: 3/3
   400 | D:1      | Found a faded altar of an unknown god.
   405 | D:1      | Gained mutation: Your demonic aura sometimes causes spilled
                  | blood to erupt in flames. [demonic ancestry]
   405 | D:1      | Reached XP level 2. HP: 19/19 MP: 0/5
  1032 | D:1      | Reached XP level 3. HP: 24/24 MP: 2/6
  1288 | D:1      | Found Forhos's Antique Armour Shoppe.
  1574 | D:2      | Learned a level 2 spell: Scorch
  2007 | D:2      | Gained mutation: You have an unusually large brain. (Int
                  | +2) [demonic ancestry]
  2007 | D:2      | Reached XP level 4. HP: 30/30 MP: 5/8
  3057 | D:3      | Identified the +1 robe of the Charmed God {rC+ rCorr Int+3}
  3062 | D:3      | Found a basalt altar of Yredelemnul.
  3157 | D:3      | Reached XP level 5. HP: 35/35 MP: 3/9
  3559 | D:3      | Found a runed translucent door.
  3560 | D:3      | Noticed Crazy Yiuf
  3777 | D:3      | Reached skill level 1 in Armour
  4080 | D:3      | Learned a level 4 spell: Flame Wave
  4696 | D:4      | Found a staircase to the Ecumenical Temple.
  4705 | Temple   | Entered the Ecumenical Temple
  4783 | D:4      | Gained mutation: You sometimes gain a little power by
                  | taking damage. [demonic ancestry]
  4783 | D:4      | Reached XP level 6. HP: 41/41 MP: 4/11
  5051 | D:4      | Found a broken altar of Ashenzari.
  5094 | D:4      | Found a runed translucent door.
  5098 | D:4      | Noticed lucidstorm14's ghost (amateur MiFi)
  5233 | D:4      | Found a runed translucent door.
  5361 | D:5      | Entered Level 5 of the Dungeon
  5369 | D:5      | Found a runed translucent door.
  5375 | D:5      | Noticed timneilson's ghost (novice OpSh)
  5498 | D:5      | Noticed a water moccasin
  5503 | D:5      | Killed a water moccasin
  5504 | D:5      | Reached skill level 5 in Fire Magic
  5504 | D:5      | Gained mutation: You sometimes gain power by taking damage.
                  | [demonic ancestry]
  5504 | D:5      | Reached XP level 7. HP: 24/46 MP: 2/13
  5872 | D:5      | Reached skill level 5 in Spellcasting
  5973 | D:5      | Found a shimmering blue altar of Sif Muna.
  6590 | D:6      | Gained mutation: You have an extremely huge brain. (Int +4)
                  | [demonic ancestry]
  6590 | D:6      | Reached XP level 8. HP: 52/52 MP: 13/16
  6898 | D:6      | Noticed Menkaure
  6900 | D:6      | Killed Menkaure
  6944 | D:6      | Found a snail-covered altar of Cheibriados.
  7410 | D:7      | Found an opulent altar of Gozag.
  7432 | D:6      | Gained mutation: You are powered by pain. [demonic
                  | ancestry]
  7432 | D:6      | Reached XP level 9. HP: 36/57 MP: 9/19
  7604 | D:7      | Noticed Joseph
  7615 | D:7      | Killed Joseph
  8185 | D:7      | Found a burning altar of Makhleb.
  8481 | D:7      | Reached XP level 10. HP: 64/64 MP: 18/22
  8945 | D:8      | Found a radiant altar of Vehumet.
  8983 | D:8      | Became a worshipper of Vehumet
  9001 | D:8      | You fall into a shaft and drop 2 floors!
  9001 | D:10     | Entered Level 10 of the Dungeon
  9202 | D:10     | Reached skill level 5 in Conjurations
  9208 | D:10     | Reached skill level 1 in Shields
  9343 | D:9      | Noticed a two-headed ogre
  9352 | D:9      | Slain by a two-headed ogre

Illustrated notes

Levels and vault maps discovered:
D:1:      spicycebolla_green_bress_n_ham_2, layout_basic, serial_shops, shop,
          hellmonk_ecumenical_altar_slurped_away
D:2:      layout_loops_corners, uniq_robin
D:3:      layout_basic, mainiacjoe_overflow_24_doors, feat_on_display,
          uniq_crazy_yiuf_cottage
D:4:      layout_gridville, mainiacjoe_overflow_cross_hatched,
          minmay_temple_entry_glass, ebering_ghost_sewer_f
D:5:      layout_basic, nicolae_overflow_two_pavilions, ebering_ghost_sewer_d,
          minmay_quadrilaterals
D:6:      minmay_inner_zag, layout_basic, mainiacjoe_overflow_paths,
          uniq_menkaure
D:7:      layout_basic, mainiacjoe_overflow_tiny_flanked,
          nicolae_gozag_seed_capital, hangedman_abyss_or_decor_lesser_grid,
          minmay_alternating_orb, uniq_joseph
D:8:      layout_basic, mainiacjoe_overflow_alcove_1, uniq_prince_ribbit1
D:9:      layout_basic, marbit_many_paths, due_lair_maze_entry_diamond,
          enter_bailey_3
D:10:     layout_stronghold, lemuel_coloured_pillars_altar, uniq_erolcha
Temple:   hellmonk_temple_two_chambers

Skill      XL: |  1  2  3  4  5  6  7  8  9 10 |
---------------+-------------------------------+-----
Fire Magic     | 3 4 5 6 7 9 |  9.8
Conjurations   | 2 3 4 5 |  5.4
Spellcasting   | 3 4 5 7 8 9 |  9.5
Armour         | 1 |  1.1
Stealth        | 2 |  2.6
Dodging        | 2 3 |  3.0
Shields        | 1 |  1.1
Fighting       | |  0.6

Action                     |  1- 3 |  4- 6 |  7- 9 | 10-12 || total
---------------------------+-------+-------+-------+-------++-------
  Melee: Unarmed           |    26 |       |       |       ||    26
         Dagger            |       |     7 |     3 |       ||    10
   Cast: Foxfire           |    79 |    50 |   106 |    68 ||   303
         Scorch            |     1 |    48 |   101 |    27 ||   177
         Flame Wave        |       |     1 |     4 |     3 ||     8
 Armour: Robe              |    15 |    20 |    53 |    19 ||   107
         Leather armour    |       |     6 |       |       ||     6
  Dodge: Dodged            |    26 |    15 |    46 |    12 ||    99
  Block: Buckler           |       |       |     9 |     6 ||    15

Table legend: (Time is in decaauts)
 A = Elapsed time spent in this place.
 B = Non-inter-level travel time spent in this place.
 C = Inter-level travel time spent in this place.
 D = Time resting spent in this place.
 E = Time spent auto-exploring this place.
 F = Levels seen in this place.
 G = Mean time per level.
                   A        B        C        D        E       F      G
               +--------+--------+--------+--------+--------+-----+--------+
         Total |   9356 |   9039 |    317 |    999 |   6841 |  11 |  850.5 |
       Dungeon |   9350 |   9037 |    313 |    999 |   6841 |  10 |  935.0 |
        Temple |      5 |      2 |      3 |      0 |      0 |   1 |    5.0 |
               +--------+--------+--------+--------+--------+-----+--------+

Top non-repeatable levels by time:
     D:3: 1593 daAuts
     D:1: 1504 daAuts
     D:2: 1369 daAuts
     D:5: 1158 daAuts
     D:6: 1129 daAuts
     D:7: 1098 daAuts
     D:4: 890 daAuts
    D:10: 324 daAuts
     D:8: 255 daAuts
     D:9: 25 daAuts
  Temple: 5 daAuts
